 Dungeon Crawl Stone Soup version 0.30-a0-696-g2367cd04db (webtiles) character file.

Game seed: 13460596713030143812

37 NinjaNoafa the Firebug (level 3, -1/26 HPs)
             Began as a Draconian Fire Elementalist on Jan 20, 2023.
             Killed by divine providence
             ... invoked by an orc priest
              (14 damage)
             ... on level 4 of the Dungeon.
             The game lasted 00:02:47 (1535 turns).

NinjaNoafa the Firebug (DrFE)                       Turns: 1535, Time: 00:02:48

Health: -1/26      AC:  5    Str: 10    XL:     3   Next: 23%
Magic:  2/6        EV: 12    Int: 17    God:
Gold:   166        SH:  0    Dex: 11    Spells: 5/6 levels left

rFire   . . .      SeeInvis .    d - +0 dagger
rCold   . . .      Faith    .    (no shield)
rNeg    . . .      Spirit   .    (body armour unavailable)
rPois   .          Reflect  .    (helmet restricted)
rElec   .          Harm     .    (no cloak)
rCorr   .          Rampage  .    (no gloves)
Will    .....                    (no boots)
Stlth   ++                       (no amulet)
HPRegen 0.24/turn                (no ring)
MPRegen 0.10/turn                (no ring)

@: no status effects
A: AC +5, unfitting armour, cold-blooded
a: no special abilities


You were on level 4 of the Dungeon.
You visited 1 branch of the dungeon, and saw 3 of its levels.

You collected 166 gold pieces.

Inventory:

Hand Weapons
 d - a +0 dagger (weapon)
Missiles
 f - 3 atropa-tipped darts
 g - 4 poisoned darts
Scrolls
 a - 2 scrolls of identify {unknown}
 b - a scroll of enchant weapon {unknown}
 c - a scroll of fog {unknown}
 e - a scroll of teleportation {unknown}
 j - a scroll of noise {unknown}
 l - a scroll of immolation {unknown}
Potions
 h - a potion of heal wounds {unknown}
 i - a potion of degeneration {unknown}
 k - a potion of curing {unknown}


   Skills:
 - Level 1.7 Dodging
 - Level 1.7 Stealth
 + Level 2.3 Spellcasting
 * Level 2.3 Conjurations
 + Level 3.4 Fire Magic


You had 5 spell levels left.
You knew the following spells:

 Your Spells              Type           Power      Damage    Failure   Level
a - Foxfire               Conj/Fire      44%        2x1d6     6%          1

Your spell library contained the following spells:

 Spells                   Type           Power      Damage    Failure   Level
 Scorch                   Fire           26%        2d6       7%          2
 Blink                    Tloc           4%         N/A       28%         2
 Inner Flame              Hex/Fire       7%         N/A       28%         3
 Kindle Blastsparks       Fire/Tloc/Air  10%        2d10      34%         3
 Flame Wave               Conj/Fire      11%        2d6       50%         4
 Manifold Assault         Tloc           2%         N/A       88%         4
 Passage of Golubria      Tloc           2%         N/A       88%         4
 Silence                  Hex/Air        1%         N/A       99%         5
 Storm Form               Tmut/Air       1%         N/A       100%        7
 Lehudib's Crystal Spear  Conj/Erth      3%         10d2      100%        8


Dungeon Overview and Level Annotations

Branches:
Dungeon (4/15)
 Temple: D:4-7

Altars:


Innate Abilities, Weirdness & Mutations

Your plain brown scales are hard. (AC +5)
You cannot fit into any form of body armour.
You are cold-blooded and may be slowed by cold attacks.


Message History

You see here a +1 dagger of venom.
You see here a ball python corpse.
Okay, then.
Magic restored.
An orc priest and 2 orcs come into view.
The orc priest shouts!
The orc shouts! x2
There are monsters nearby!
There are monsters nearby!
There are monsters nearby!
Casting: Foxfire (safe; 6% risk of failure)
Confirm with . or Enter, or press ? or * to list all spells.
You conjure some foxfire!
The orc priest miscasts a cantrip.
Casting: Foxfire (safe; 6% risk of failure)
Confirm with . or Enter, or press ? or * to list all spells.
You conjure some foxfire!
The foxfire hits the orc priest.
The orc priest is lightly wounded.
A dart slug comes into view.
The foxfire hits the orc but does no damage.
The orc priest looks encouraged for a moment.
A dart slug comes into view.
Casting: Foxfire (safe; 6% risk of failure)
Confirm with . or Enter, or press ? or * to list all spells.
You conjure some foxfire!
The foxfire hits the orc.
The orc is heavily wounded.
The dart slug briefly extends its eye-stalks.
The orc priest invokes the aid of Beogh against you.
Beogh smites you!
Ouch! That really hurt!
Your foxfire dissipates!
The foxfire hits the orc.
You kill the orc!
Casting: Foxfire (safe; 6% risk of failure)
Confirm with . or Enter, or press ? or * to list all spells.
You conjure some foxfire!
The foxfire hits the orc but does no damage. x2
The orc priest calls down the wrath of Beogh upon you.
Beogh smites you!
Ouch! That really hurt!
You die...

≈ ##.# #≈ .#.#
##. ###.w.####
...w #.........
#..#.........
#...o)...... #.#
######o###
#....§@§.#
#........##
#.........#####
#...)†........#
#........#.#..#
#######....#..[#
#.#.....>..
#.#..###.###
#....# .#


You could see an orc priest, a dart slug and an orc.

Vanquished Creatures
  An orc (D:4)
  A bat (D:1)
  2 endoplasms (D:1)
  2 giant cockroaches (D:1)
  4 goblins
  5 hobgoblins
  4 jackals (D:1)
  4 kobolds
  3 ball pythons
  2 frilled lizards (D:1)
  5 rats
33 creatures vanquished.

Vanquished Creatures (others)
  122 foxfires
122 creatures vanquished.

Grand Total: 155 creatures vanquished

Notes
Turn   | Place    | Note
-------+----------+-------------------------------------------
     0 | D:1      | NinjaNoafa the Draconian Fire Elementalist began the quest
                  | for the Orb.
     0 | D:1      | Reached XP level 1. HP: 14/14 MP: 3/3
   234 | D:1      | Reached XP level 2. HP: 13/20 MP: 0/5
  1119 | D:2      | Reached XP level 3. HP: 26/26 MP: 0/6
  1481 | D:2      | You fall into a shaft and drop 2 floors!
  1535 | D:4      | Killed from afar by an orc priest

Illustrated notes

Levels and vault maps discovered:
D:1:      lemuel_arrival_lava_pool, layout_basic
D:2:      layout_loops_cross
D:4:      kennysheep_slugbush, layout_basic

Skill      XL: |  1  2 |
---------------+-------+-----
Conjurations   | 2 |  2.3
Dodging        | |  1.7
Stealth        | |  1.7
Spellcasting   | |  2.3
Fire Magic     | |  3.4

Action                   || total
-------------------------++-------
Melee: Dagger            ||    22
       Tailslap          ||     3
 Cast: Foxfire           ||    81
  Use: Potion            ||     1
Armor: Skin              ||    27
Dodge: Dodged            ||    76

Table legend: (Time is in decaauts)
 A = Elapsed time spent in this place.
 B = Non-inter-level travel time spent in this place.
 C = Inter-level travel time spent in this place.
 D = Time resting spent in this place.
 E = Time spent auto-exploring this place.
 F = Levels seen in this place.
 G = Mean time per level.
                   A        B        C        D        E       F      G
               +--------+--------+--------+--------+--------+-----+--------+
         Total |   1534 |   1529 |      5 |      0 |   1215 |   3 |  511.3 |
       Dungeon |   1534 |   1529 |      5 |      0 |   1215 |   3 |  511.3 |
               +--------+--------+--------+--------+--------+-----+--------+

Top non-repeatable levels by time:
     D:1: 1067 daAuts
     D:2: 412 daAuts
     D:4: 53 daAuts
